 Dungeon Crawl Stone Soup version 0.28-a0-589-g333b8329f1 (webtiles) character file.

Game seed: 18096405596379765369

54520 Shard1697 the Thaumaturge (level 15, 0/107 HPs)
             Began as a Djinni Ice Elementalist on Oct 4, 2021.
             Was a High Priest of Makhleb.
             Slain by a wyvern (16 damage)
             ... on level 5 of the Lair of Beasts.
             The game lasted 00:46:23 (18895 turns).

Shard1697 the Thaumaturge (DjIE)                   Turns: 18895, Time: 00:46:24

Health: 0/107      AC: 18    Str: 14    XL:     15   Next: 14%
Gold:   890        EV: 18    Int: 26    God:    Makhleb [*****.] SH: 13 Dex: 21

rFire   + + +      SeeInvis .   b - +3 Elemental Staff {rElec rF++ rC++ AC+5}
rCold   + + .      Faith    .   K - +2 buckler
rNeg    . . .      Spirit   .   o - +3 leather armour of Lies {Harm rF- Int+4 Slay+3}
rPois   ∞          Reflect  +   t - +1 helmet of Hemo {Str+4}
rElec   +          Harm     +   N - +1 cloak {rF+}
rCorr   .          Rampage  .   I - +2 pair of gloves {Str+3}
Will    +....                   (boots unavailable)
Stlth   ++........              j - amulet of reflection
HPRegen 0.27/turn               q - +6 ring of dexterity
MPRegen 0.00/turn               i - ring of protection from cold

@: about to teleport, flying
A: sickness immunity, fire resistance 2, cold vulnerability 1, float, innate
caster, hp casting, extra vitality 1
a: Renounce Religion, Minor Destruction, Lesser Servant of Makhleb, Major
Destruction, Greater Servant of Makhleb


You were on level 5 of the Lair of Beasts.
You worshipped Makhleb.
Makhleb was extremely pleased with you.
You visited 3 branches of the dungeon, and saw 17 of its levels.
You also visited: Gauntlet and Volcano.

You collected 890 gold pieces.

Inventory:

Hand Weapons
 a - a +4 whip of electrocution
 b - the +3 Elemental Staff (weapon) {rElec rF++ rC++ AC+5}
   (You acquired it on level 1 of the Lair of Beasts)

   If the wielder is skilled in Evocations, they can discharge powerful blasts
   of elemental energy when striking with it.
   It enhances your fire, ice, earth and air magic.
   AC:        It affects your AC (+5).
   rF:        It greatly protects you from fire.
   rC:        It greatly protects you from cold.
   rElec:     It insulates you from electricity.
Missiles
 p - 67 poisoned darts
 w - 4 throwing nets
Armour
 o - the +3 leather armour of Lies (worn) {Harm rF- Int+4 Slay+3}
   (You found it on level 7 of the Dungeon)

   Int:       It affects your intelligence (+4).
   Slay:      It affects your accuracy & damage with ranged weapons and melee
   (+3).
   rF:        It makes you vulnerable to fire.
   Harm:      It increases damage dealt and taken.
 t - the +1 helmet of Hemo (worn) {Str+4}
   (You found it in a Gauntlet)

   Str:       It affects your strength (+4).
 v - the +7 chain mail of the Slug {rN+}
   (You took it off a minotaur in a Gauntlet)

   rN:        It protects you from negative energy.
 D - +0 steam dragon scales
 I - a +2 pair of gloves of strength (worn)
 K - a +2 buckler (worn)
 N - a +1 cloak of fire resistance (worn)
Jewellery
 h - a ring of protection from fire
 i - a ring of protection from cold (right hand)
 j - an amulet of reflection (around neck)
 k - the ring of the Furies {rPois MP+9 Int-4 Slay+2 Stlth+}
   (You found it in a Gauntlet)

   [ring of magical power]

   Int:       It affects your intelligence (-4).
   Slay:      It affects your accuracy & damage with ranged weapons and melee
   (+2).
   rPois:     It protects you from poison.
   MP:        It affects your magic capacity (+9).
   Stlth:     It makes you more stealthy.
 q - a +6 ring of dexterity (left hand)
 r - a ring of see invisible
 s - an amulet of faith
 z - a ring of protection from fire
 B - a +6 ring of strength
Wands
 m - a wand of iceblast (9)
 E - a wand of digging (10)
 H - a wand of charming (7)
 J - a wand of flame (20)
Scrolls
 u - a scroll of enchant weapon
 y - a scroll of teleportation
 M - 3 scrolls of fog
Potions
 c - a potion of berserk rage
 d - 3 potions of lignification
 e - 5 potions of curing
 f - 4 potions of heal wounds
 g - a potion of cancellation
 l - 2 potions of ambrosia
 n - a potion of resistance
 x - a potion of brilliance
 A - 3 potions of might {unknown}
 C - a potion of experience
 F - a potion of haste
 G - 2 potions of invisibility


   Skills:
 - Level 10.0 Fighting
 - Level 7.2(8.1) Maces & Flails
 + Level 6.2(8.0) Staves
 + Level 8.7 Dodging
 - Level 1.5 Stealth
 - Level 4.5 Shields
 - Level 11.3 Spellcasting
 + Level 7.3 Invocations
 + Level 7.3 Evocations


You couldn't memorise any spells.
You knew the following spells:

 Your Spells              Type           Power      Damage    Failure   Level
a - Freeze                Ice            100%       1d11      1%          1
b - Frozen Ramparts       Ice            100%       1d12      1%          3
c - Static Discharge      Conj/Air       84%        N/A       1%          2
d - Hailstorm             Conj/Ice       84%        3d17      1%          4
e - Shock                 Conj/Air       100%       1d9       1%          1
f - Fireball              Conj/Fire      42%        3d17      1%          5
g - Sticky Flame          Conj/Fire      84%        2d10      1%          4
h - Ignite Poison         Fire/Tmut/Pois 84%        N/A       1%          3
i - Blade Hands           Tmut           32%        N/A       1%          5
j - Summon Cactus Giant   Summ           32%        N/A       8%          6
t - Ozocubu's Armour      Ice            84%        N/A       1%          3
Your spell library was empty.

Dungeon Overview and Level Annotations

Branches:
Dungeon (11/15)            Temple (1/1) D:4            Lair (6/6) D:8
 Spider (0/4) Lair:2        Slime (0/5) Lair:6      Volcano (visited)
Gauntlet (visited)
  Swamp: Lair:2-4    Shoals: Lair:2-4       Orc: D:9-12

Altars:
Ashenzari
Cheibriados
Dithmenos
Elyvilon
Fedhas
Gozag
Hepliaklqana
Kikubaaqudgha
Makhleb
Nemelex Xobeh
Okawaru
Qazlal
Ru
Sif Muna
Trog
Uskayaw
Vehumet
Wu Jian
Xom
Yredelemnul
Zin
The Shining One

Shops:
D:6 (

Annotations:
D:5 Grinder
D:6 2 transporters
D:10 exclusion: statue
D:11 2 transporters, Demosthentine's ghost, journeyman MfGl
Lair:2 1 runed translucent door, Zeihuf's ghost, journeyman TrBe


Innate Abilities, Weirdness & Mutations

You are immune to sickness and miasma.
You are immune to poison.
Your flesh is very heat resistant. (rF++)
You are vulnerable to cold. (rC-)
You float through the air rather than walking.
You learn spells naturally, not from books.
Your magical power is your life essence.
You have superior vitality. (+4 HP)


Message History

The polar bear claws you but does no damage.
You hear a roar!
The polar bear bites you but does no damage.
The polar bear misses you. x2
Your magical contamination has completely faded away.
There is a stone staircase leading up here.
The polar bear bites you! The polar bear misses you. x2
The nameless horror barely misses you. You block the polar bear's attack.
The polar bear claws you but does no damage.
The polar bear closely misses you. You block the hell hound's attack.
You fly upwards.
There is a stone staircase leading down here.
The polar bear bites you! You block the polar bear's attack.
The polar bear claws you but does no damage.
The polar bear bites you! The polar bear misses you.
The polar bear claws you but does no damage.
The polar bear bites you!!
The polar bear claws you but does no damage.
You block the polar bear's attack.
As you read the scroll of teleportation, it crumbles to dust.
You feel strangely unstable.
The polar bear bites the plant!
The plant begins to die.
The polar bear claws the plant. x2
The polar bear bites you!
* * * LOW HITPOINT WARNING * * *
The polar bear claws you but does no damage.
The polar bear barely misses you. You block the nameless horror's attack.
The polar bear rages.
Something bites the plant.
Something completely misses the plant.
Something claws the plant.
You block the polar bear's attack. x2
The polar bear claws you.
* * * LOW HITPOINT WARNING * * *
Your surroundings suddenly seem different.
A water moccasin, 6 yaks and a wyvern come into view.
The yak bellows! x4
As you read the scroll of teleportation, it crumbles to dust.
You feel strangely unstable.
The yak bellows!
The water moccasin hisses angrily.
The water moccasin misses you. You block the water moccasin's attack.
The wyvern bites you!
You die...

### #########
##..##.#..PP.#
#............###
...............#
+..........Y....
..........Y...P.
.......Y........
......lSYY....#
..###.@#...#.#
######.# .# # ..
.# .##


You could see 5 yaks, a water moccasin and a wyvern.

Vanquished Creatures
  Gastronok (Lair:3)
  A minotaur (Gauntlet)
  A fire dragon (Volcano)
  Harold (D:8)
  4 hydras
  A catoblepas (Lair:2)
  2 two-headed ogres (D:10)
  Sonja (D:10)
  5 lindwurms
  An oklob plant (Lair:6)
  An ugly thing (D:11)
  An elephant (Lair:6)
  2 manticores (D:11)
  A torpor snail (Lair:3)
  2 black mambas
  A gargoyle (D:11)
  12 cane toads
  An unseen horror (D:10)
  3 rime drakes
  5 komodo dragons
  A troll (D:11)
  3 hornets
  2 polar bears (Lair:6)
  5 blink frogs (Lair:2)
  2 redbacks (Lair:2)
  A shadow (D:9)
  A wyvern (Lair:6)
  30 yaks
  2 basilisks
  4 steam dragons
  6 vampire mosquitoes
  2 hell hounds (Volcano)
  Duvessa (D:5)
  15 water moccasins
  A swamp drake (Lair:2)
  An orc warrior (D:11)
  A black bear (D:5)
  3 sky beasts
  2 ogres
  5 centaurs
  9 wolves
  2 necrophages
  4 kobold brigands
  7 bullfrogs
  2 wyvern zombies (D:6)
  A gnoll sergeant (D:4)
  Dowan (D:5)
  2 scorpions
  7 wights
  11 killer bees
  3 electric eels
  2 howler monkeys
  A centaur zombie (D:8)
  A centaur skeleton (D:6)
  A hound (D:7)
  2 orc priests
  Crazy Yiuf (D:5)
  A bullfrog skeleton (D:6)
  4 gnoll shamans
  2 iguanas
  3 orc wizards
  6 hell rats (Lair:6)
  A hound zombie (D:5)
  2 howler monkey zombies
  23 gnolls
  4 adders
  A shadow imp (D:8)
  2 white imps
  An ufetubus (D:7)
  A worm (D:8)
  2 dart slugs
  8 orcs
  4 ball pythons
  9 bats
  5 endoplasms
  6 giant cockroaches
  10 goblins
  7 hobgoblins
  5 jackals
  A quokka (D:1)
  5 frilled lizards (D:2)
  21 kobolds
  15 rats
341 creatures vanquished.

Vanquished Creatures (collateral kills)
  3 yaks (Lair:6)
3 creatures vanquished.

Vanquished Creatures (others)
  A hobgoblin (D:3)
  11 demonic plants (Gauntlet)
  9 fungi
  46 plants
  A withered plant (Gauntlet)
68 creatures vanquished.

Grand Total: 412 creatures vanquished

Notes
Turn   | Place    | Note
-------+----------+-------------------------------------------
     0 | D:1      | Shard1697 the Djinni Ice Elementalist began the quest for
                  | the Orb.
     0 | D:1      | Reached XP level 1. HP: 15/15 MP: 0/0
    85 | D:1      | Reached XP level 2. HP: 11/21 MP: 0/0
   887 | D:1      | Reached XP level 3. HP: 4/25 MP: 0/0
   887 | D:1      | Learned a level 1 spell: Shock
  1214 | D:1      | Found a faded altar of an unknown god.
  1309 | D:1      | Reached skill level 4 in Spellcasting
  2305 | D:2      | Reached XP level 4. HP: 31/31 MP: 0/0
  3036 | D:3      | Reached XP level 5. HP: 34/35 MP: 0/0
  3036 | D:3      | Learned a level 2 spell: Static Discharge
  3349 | D:3      | Found a stormy altar of Qazlal.
  3683 | D:4      | Found a staircase to the Ecumenical Temple.
  3694 | Temple   | Entered the Ecumenical Temple
  3753 | Temple   | Became a worshipper of Makhleb the Destroyer
  4121 | D:4      | Found a sacrificial altar of Ru.
  4386 | D:4      | Reached skill level 5 in Spellcasting
  4390 | D:4      | HP: 1/35 [gnoll sergeant (6)]
  4395 | D:4      | Reached XP level 6. HP: 3/40 MP: 0/0
  4972 | D:4      | Reached skill level 1 in Fighting
  5308 | D:5      | Entered Level 5 of the Dungeon
  5322 | D:5      | Noticed Duvessa
  5327 | D:5      | Noticed Dowan
  5341 | D:4      | Reached XP level 7. HP: 32/47 MP: 0/0
  5341 | D:4      | Learned a level 3 spell: Ignite Poison
  5635 | D:5      | Reached skill level 6 in Spellcasting
  5987 | D:5      | Noticed Grinder
  6046 | D:5      | Reached XP level 8. HP: 50/56 MP: 0/0
  6572 | D:5      | Reached skill level 7 in Spellcasting
  6749 | D:5      | Reached * piety under Makhleb
  6926 | D:5      | Killed Duvessa
  6961 | D:5      | Killed Dowan
  7264 | D:5      | Found a runed translucent door.
  7265 | D:5      | Noticed Crazy Yiuf
  7271 | D:5      | Killed Crazy Yiuf
  7535 | D:6      | Noticed a cyclops
  7535 | D:6      | Found Utzauwku's Weapon Emporium.
  7590 | D:6      | Found a transporter.
  7604 | D:6      | Noticed a kobold demonologist
  7608 | D:6      | Found a transporter.
  7811 | D:6      | Reached XP level 9. HP: 49/64 MP: 0/0
  7811 | D:6      | Learned a level 4 spell: Sticky Flame
  7973 | D:6      | Reached skill level 8 in Spellcasting
  8045 | D:6      | Reached skill level 5 in Fighting
  8800 | D:7      | Reached skill level 1 in Maces & Flails
  8856 | D:7      | Identified the +3 leather armour of Lies {Harm rF- Int+4
                  | Slay+3}
  9413 | D:7      | Found a hazy altar of Hepliaklqana.
  9422 | D:7      | Found an ornate altar of the Wu Jian Council.
  9597 | D:8      | Noticed a moth of wrath
  9600 | D:8      | Found a bloodstained altar of Trog.
  9626 | D:8      | Reached ** piety under Makhleb
  9772 | D:8      | Found a shimmering altar of Xom.
  9780 | D:8      | Noticed a komodo dragon
  9787 | D:8      | Killed a komodo dragon
  9788 | D:8      | Reached skill level 9 in Spellcasting
  9842 | D:8      | Reached XP level 10. HP: 72/72 MP: 0/0
  9893 | D:8      | Found a staircase to the Lair.
  9937 | D:8      | Noticed Harold
  9942 | D:8      | Killed Harold
 10798 | D:9      | Found a sparkling altar of Nemelex Xobeh.
 11243 | D:9      | Found an opulent altar of Gozag.
 11627 | D:10     | Entered Level 10 of the Dungeon
 11757 | D:10     | Noticed a two-headed ogre
 11761 | D:10     | Killed a two-headed ogre
 11762 | D:10     | Reached skill level 10 in Spellcasting
 11843 | D:10     | Found a glowing golden altar of the Shining One.
 11971 | D:10     | Noticed a two-headed ogre
 11979 | D:10     | Killed a two-headed ogre
 11980 | D:10     | Reached XP level 11. HP: 62/81 MP: 0/0
 11980 | D:10     | Learned a level 5 spell: Fireball
 12217 | D:10     | Reached skill level 5 in Maces & Flails
 12685 | D:10     | Noticed Sonja
 12687 | D:10     | Killed Sonja
 12975 | D:10     | Found a hide-covered altar of Uskayaw.
 13016 | D:10     | Found a basalt altar of Yredelemnul.
 13155 | D:11     | Noticed a manticore
 13161 | D:11     | Killed a manticore
 13171 | D:11     | Reached *** piety under Makhleb
 13188 | D:11     | Found a gate leading to a gauntlet.
 13230 | Gauntlet | Entered a Gauntlet
 13230 | Gauntlet | Found a transporter.
 13230 | Gauntlet | Found a transporter.
 13234 | Gauntlet | Found a transporter.
 13234 | Gauntlet | Found a transporter.
 13237 | Gauntlet | Noticed a tengu warrior
 13289 | Gauntlet | Found a transporter.
 13291 | Gauntlet | Noticed a ghost crab
 13295 | Gauntlet | Found a transporter.
 13295 | Gauntlet | Found a transporter.
 13296 | Gauntlet | Noticed a sixfirhy
 13296 | Gauntlet | Noticed a sixfirhy
 13299 | Gauntlet | Found a transporter.
 13299 | Gauntlet | Noticed a ghost crab
 13313 | Gauntlet | Found a transporter.
 13338 | Gauntlet | Found a transporter.
 13356 | Gauntlet | Found a transporter.
 13390 | Gauntlet | Found a transporter.
 13393 | Gauntlet | Noticed a purple ugly thing
 13394 | Gauntlet | Noticed a great orb of eyes
 13396 | Gauntlet | Noticed a cyan ugly thing
 13404 | Gauntlet | Found a transporter.
 13408 | Gauntlet | Identified the ring of the Furies {rPois MP+9 Int-4 Slay+2
                  | Stlth+}
 13436 | Gauntlet | Identified the +1 helmet of Hemo {Str+4}
 13501 | Gauntlet | Identified the +7 chain mail of the Slug {rN+}
 13501 | Gauntlet | Noticed a minotaur
 13507 | Gauntlet | Killed a minotaur
 13520 | Gauntlet | Identified the +1 spear of Imminent Death {speed, rElec
                  | Str-3 Int+2 Dex+2 SInv}
 13827 | D:11     | Noticed a cyan ugly thing
 13834 | D:11     | Killed a cyan ugly thing
 13986 | D:11     | Noticed a manticore
 13989 | D:11     | Killed a manticore
 14310 | D:11     | Found a transporter.
 14311 | D:11     | Noticed Demosthentine's ghost (journeyman MfGl)
 14377 | D:11     | Found a transporter.
 14680 | Lair:1   | Entered Level 1 of the Lair of Beasts
 14688 | Lair:1   | Noticed an eight-headed hydra
 14690 | Lair:1   | Reached skill level 11 in Spellcasting
 14690 | Lair:1   | Reached XP level 12. HP: 76/90 MP: 0/0
 14691 | Lair:1   | Killed an eight-headed hydra
 15262 | Lair:1   | Reached skill level 10 in Fighting
 15647 | Lair:1   | Identified a scroll of acquirement
 15647 | Lair:1   | Acquired the +3 Elemental Staff {rElec rF++ rC++ AC+5}
 15647 | Lair:1   | Found the +3 Elemental Staff {rElec rF++ rC++ AC+5}
 15992 | Lair:2   | Noticed a catoblepas
 15997 | Lair:2   | Reached skill level 1 in Invocations
 15997 | Lair:2   | Reached skill level 1 in Evocations
 16000 | Lair:2   | Killed a catoblepas
 16133 | Lair:2   | Found a hole to the Spider Nest.
 16307 | Lair:2   | Reached skill level 1 in Staves
 16422 | Lair:2   | Found a runed translucent door.
 16424 | Lair:2   | Noticed Zeihuf's ghost (journeyman TrBe)
 16597 | Lair:2   | Noticed a four-headed hydra
 16606 | Lair:2   | Killed a four-headed hydra
 16607 | Lair:2   | Reached skill level 5 in Dodging
 16773 | Lair:2   | Reached XP level 13. HP: 95/96 MP: 0/0
 16773 | Lair:2   | Learned a level 5 spell: Blade Hands
 16868 | Lair:2   | Reached **** piety under Makhleb
 17219 | Lair:2   | Noticed a seven-headed hydra
 17221 | Lair:2   | Killed a seven-headed hydra
 17411 | Lair:3   | Noticed Gastronok
 17414 | Lair:3   | Reached skill level 1 in Shields
 17419 | Lair:3   | Killed Gastronok
 17538 | Lair:3   | You are sucked into a shaft and drop 3 floors!
 17538 | Lair:6   | Entered Level 6 of the Lair of Beasts
 17604 | Lair:6   | Found a dark tunnel.
 17623 | Lair:6   | Reached skill level 5 in Invocations
 17623 | Lair:6   | Reached skill level 5 in Evocations
 17630 | Volcano  | Entered a volcano
 17898 | Volcano  | Noticed a fire dragon
 17904 | Volcano  | Killed a fire dragon
 18366 | Lair:6   | Noticed a five-headed hydra
 18370 | Lair:6   | Killed a five-headed hydra
 18487 | Lair:6   | Reached XP level 14. HP: 96/103 MP: 0/0
 18503 | Lair:6   | Reached skill level 5 in Staves
 18550 | Lair:6   | Reached XP level 15. HP: 107/107 MP: 0/0
 18550 | Lair:6   | Learned a level 6 spell: Summon Cactus Giant
 18624 | Lair:6   | Reached ***** piety under Makhleb
 18669 | Lair:6   | Found a staircase to the Slime Pits.
 18895 | Lair:5   | Slain by a wyvern

Illustrated notes

Levels and vault maps discovered:
D:1:      minmay_arrival_open_corners, layout_loops_cross,
          hellmonk_ecumenical_altar_heavens_door, minmay_surrounded
D:2:      minmay_evil_eye, layout_loops_ring, grunt_ministairs_7,
          minmay_misc_feat_rugged
D:3:      layout_basic, grunt_qazlal_clouds
D:4:      layout_loops_corners, nicolae_ru_the_path_less_chosen,
          minmay_temple_entry_junction, lightli_corner_chamber
D:5:      layout_basic, serial_aquarium, aquarium_bridge_straight
          [aquarium_subvault_bridge, aquarium_subvault_window,
          aquarium_subvault_bridge, aquarium_subvault_wall],
          aquarium_bridge_straight [aquarium_subvault_bridge,
          aquarium_subvault_balcony, aquarium_subvault_bridge,
          aquarium_subvault_window], aquarium_window_fake,
          aquarium_window_corner, aquarium_window_fake, aquarium_view_2e,
          aquarium_balcony_5a, aquarium_pool_1, hangedman_decor_peaks_small,
          uniq_duvessa, uniq_grinder, uniq_crazy_yiuf_cottage
D:6:      gammafunk_wand_slinger, layout_cave_pools, serial_glass,
          glass_columns_b, glass_columns_b, serial_shops, nicolae_stop_n_shop_2,
          roderic_lattice_a
D:7:      layout_cave_pools, mainiacjoe_overflow_swirl,
          kennysheep_generic_room_12
D:8:      layout_loops_corners, mainiacjoe_overflow_cross_hatched, tgw_trog,
          david_lair_shrubbed, grunt_decor_one_mirror, uniq_harold
D:9:      layout_cross, mainiacjoe_overflow_tiny_flanked,
          mainiacjoe_overflow_brackets
D:10:     layout_grid_maze, vehumet_statue, lemuel_tele_altar,
          nicolae_overflow_crystal_walls, nicolae_tso_swordbearing_angel,
          uniq_sonja
D:11:     layout_roguey, gammafunk_ghost_stat_death, gauntlet_entry_generic
Temple:   compressed_dpeg_circular_temple
Lair:1:   layout_regular_city, grunt_megastairs_4, infiniplex_staircase_pool
Lair:2:   cheibrodos_lair_overgrown_chateau, layout_cave_pods,
          spider_nest_entry_webs, ebering_ghost_inner_flame, serial_forest,
          infiniplex_forest_zigzag_1, infiniplex_forest_end_1,
          infiniplex_forest_clump_tiny, infiniplex_forest_lined_2,
          infiniplex_forest_clump_small, minivault_26, st_stairs_3,
          chequers_serial_rivers_micro_c, pond
Lair:3:   layout_cave_pods, uniq_gastronok
Lair:5:   layout_roguey
Lair:6:   evil_forest, layout_regular_city, minmay_slime_entry_oklob_enclosed,
          enter_volcano_2, cheibrodos_lair_lostbears, serial_bayou_shore_a,
          infiniplex_staircase_pool_2

Skill      XL: |  1  2  3  4  5  6  7  8  9 10 11 12 13 14 |
---------------+-------------------------------------------+-----
Spellcasting   | 4 5 6 7 9 10 11 | 11.3
Fighting       | 1 3 4 6 7 9 10 | 10.0
Maces & Flails | 2 4 6 7 |  7.2
Dodging        | 5 7 8 |  8.7
Invocations    | 3 6 7 |  7.3
Evocations     | 3 6 7 |  7.3
Staves         | 2 4 6 |  6.2
Shields        | 4 |  4.5
Stealth        | |  1.5

Action                   |  1- 3 |  4- 6 |  7- 9 | 10-12 | 13-15 || total
-------------------------+-------+-------+-------+-------+-------++-------
Melee: Short sword       |    80 |       |       |       |       ||    80
       Dagger            |    27 |    84 |       |       |       ||   111
       Whip              |       |    11 |   122 |    89 |       ||   222
       Staff             |       |       |       |    31 |   108 ||   139
 Cast: Freeze            |    18 |     4 |    30 |    11 |     6 ||    69
       Shock             |       |    10 |    18 |     5 |       ||    33
       Frozen Ramparts   |       |     5 |    16 |    25 |    10 ||    56
       Static Discharge  |       |     1 |     3 |    14 |     2 ||    20
       Ozocubu's Armour  |       |       |     1 |     2 |       ||     3
       Sticky Flame      |       |       |     4 |    17 |    18 ||    39
       Hailstorm         |       |       |       |    11 |     7 ||    18
       Fireball          |       |       |       |    36 |    26 ||    62
       Summon Cactus Gia |       |       |       |       |     1 ||     1
Evoke: Wand              |       |       |       |       |     2 ||     2
  Use: Potion            |       |     2 |     1 |     1 |     1 ||     5
       Scroll            |       |     9 |     6 |    13 |     4 ||    32
 Stab: Sleeping          |     1 |     2 |     1 |       |     2 ||     6
Armor: Robe              |    22 |    18 |     5 |       |       ||    45
       Ring mail         |       |       |    44 |       |       ||    44
       Leather armour    |       |       |    28 |    69 |    53 ||   150
Dodge: Dodged            |    72 |    52 |    97 |   108 |    75 ||   404
Block: Other             |     8 |    25 |    37 |    37 |     4 ||   111
       Reflection        |       |     3 |     1 |     2 |       ||     6
       Buckler           |       |       |       |       |    74 ||    74

Table legend: (Time is in decaauts)
 A = Elapsed time spent in this place.
 B = Non-inter-level travel time spent in this place.
 C = Inter-level travel time spent in this place.
 D = Time resting spent in this place.
 E = Time spent auto-exploring this place.
 F = Levels seen in this place.
 G = Mean time per level.
                   A        B        C        D        E       F      G
               +--------+--------+--------+--------+--------+-----+--------+
         Total |  18868 |  18304 |    564 |   4869 |  10159 |  19 |  993.1 |
       Dungeon |  14523 |  14019 |    504 |   4062 |   7903 |  11 | 1320.3 |
        Temple |     74 |     60 |     14 |      0 |     10 |   1 |   74.0 |
          Lair |   3613 |   3567 |     46 |    636 |   2218 |   5 |  722.6 |
       Volcano |    365 |    365 |      0 |    131 |     28 |   1 |  365.0 |
      Gauntlet |    291 |    291 |      0 |     40 |      0 |   1 |  291.0 |
               +--------+--------+--------+--------+--------+-----+--------+

Top non-repeatable levels by time:
     D:4: 2132 daAuts
     D:5: 1669 daAuts
     D:1: 1601 daAuts
    D:10: 1529 daAuts
     D:8: 1511 daAuts
  Lair:2: 1478 daAuts
    D:11: 1156 daAuts
     D:3: 1098 daAuts
     D:7: 1043 daAuts
  Lair:1: 1022 daAuts
     D:2: 989 daAuts
  Lair:6: 971 daAuts
     D:9: 919 daAuts
     D:6: 871 daAuts
 Volcano: 365 daAuts
